 Dungeon Crawl Stone Soup version 0.18-a0-1683-gf9322e6 (webtiles) character file.

224 Gorice the Slasher (level 5, 0/38 HPs)
             Began as a Demonspawn Warper on Apr 3, 2016.
             Slain by a worker ant (4 damage)
             ... on level 5 of the Dungeon.
             The game lasted 00:11:27 (2321 turns).

Gorice the Slasher (Demonspawn Warper)              Turns: 2321, Time: 00:11:28

Health: 0/38       AC:  9    Str: 12    XL:     5   Next: 67%
Magic:  8/8        EV:  9    Int: 15    God:
Gold:   175        SH:  0    Dex: 12    Spells: 1 memorised, 7 levels left

rFire  . . .     SeeInvis .     a - +1 falchion
rCold  . . .     Gourm    .     g - +0 scale mail
rNeg   . . .     Faith    .     (no shield)
rPois  .         Spirit   .     s - +0 helmet
rElec  .         Dismiss  .     (no cloak)
rCorr  .         Reflect  .     (no gloves)
SustAt .         Harm     .     (no boots)
MR     .....                    (no amulet)
Stlth  +.........               (no ring)
                                (no ring)

@: very slightly contaminated, hasted, very quick, not resistant to hostile
enchantments, very unstealthy
A: yellow scales 1, nightstalker 1
a: no special abilities


You were on level 5 of the Dungeon.
You were not hungry.

You visited 1 branch of the dungeon, and saw 5 of its levels.

You collected 175 gold pieces.

Inventory:

Hand Weapons
 a - a +1 falchion (weapon)
 b - a +0 hunting sling
Missiles
 e - 5 tomahawks of dispersal (quivered)
 q - 23 bolts
 Z - 104 stones
Armour
 g - a +0 scale mail (worn)
 l - a +0 chain mail
 o - a +0 plate armour
 r - a +0 leather armour
 s - a +0 helmet (worn)
Wands
 h - a wand of hasting (4/9) {!d}
Scrolls
 p - a scroll of remove curse
Potions
 k - a potion of invisibility {unknown}
 n - a potion of degeneration {unknown}
 t - a potion of cure mutation {unknown}
Books
 c - a book of Spatial Translocations
Comestibles
 f - 3 bread rations {!e}
 j - 2 meat rations {!e}


   Skills:
 - Level 2.0 Fighting
 * Level 5.5 Long Blades
 - Level 0.8 Throwing
 - Level 0.8 Armour
 - Level 1.7 Dodging
 - Level 2.0 Spellcasting
 - Level 2.6 Translocations


You had 7 spell levels left.
You knew the following spells:

 Your Spells              Type           Power        Failure   Level  Hunger
A - Apportation           Tloc           #.........   41%         1    #......


Dungeon Overview and Level Annotations

Branches:
Dungeon (5/15)
 Temple: D:4-7

Altars:

Annotations:
D:2 pUX: siggers!, Sigmund
D:4 pUX: manky!, Menkaure


Innate Abilities, Weirdness & Mutations

You are partially covered in yellow scales (AC +2).
You are slightly more attuned to the shadows.


Message History

You slash the giant frog zombie!
The giant frog zombie closely misses you.
You hit the giant frog zombie.
The giant frog zombie hits you but does no damage.
You barely miss the giant frog zombie.
The giant frog zombie barely misses you.
The giant frog zombie hits you.
* * * LOW HITPOINT WARNING * * *
Damage: 1 (max 6) Unknown command.
Read which item? (? for menu, Esc to quit)
Blink to where?
Press: ? - help, Dir - move target cursor You are very lightly contaminated with residual magic.
As you read the scroll of blinking, it crumbles to dust.
Found 8 gold pieces.
You see here 8 gold pieces.
You now have 175 gold pieces (gained 8).
The giant frog zombie hits you but does no damage.
Evoke which item? (* to show all) (? for menu, Esc to quit)
Zapping:
h - a wand of hasting {!d} (will waste charges)
Press: ? - help, Shift-Dir - straight line, f - you You feel yourself speed up.
Evoking this partially-identified wand wasted a few charges.
The giant frog zombie closely misses you.
Unknown command.
You slash the giant frog zombie!
You destroy the giant frog zombie!
The worker ant closely misses you.
You hit the worker ant but do no damage.
You hit the worker ant.
The worker ant is moderately wounded.
The worker ant barely misses you.
You closely miss the worker ant.
The worker ant is moderately wounded.
The worker ant bites you.
* * * LOW HITPOINT WARNING * * *
Damage: 5 (max 5)
You closely miss the worker ant.
The worker ant is moderately wounded.
The worker ant bites you but does no damage.
You hit the worker ant.
The worker ant is heavily wounded.
The worker ant bites you but does no damage.
You closely miss the worker ant.
The worker ant is heavily wounded.
You hit the worker ant.
The worker ant is almost dead.
The worker ant bites you.
You die...

#...... #....!
#. .#.# #<... #.
##.#.# ##... #.
#.#..# ##o#
#.###..#.## #.#
#. .......# #a#
#.###.##..# ##
#Z# #..@ao....#
#.# #...
#.###.###.##.#
#.... #.
#.......###.....
#.
#####.##a#......
#. #.###.##....
#. #.# ######..
#. ..# ###


You could see a worker ant and an orc.

Vanquished Creatures
  A giant frog zombie (D:5)
  2 worker ants (D:4)
  A howler monkey skeleton (D:5)
  4 adders
  3 oozes
  A worm (D:3)
  A dart slug (D:2)
  5 giant geckos
  4 orcs (D:3)
  7 bats
  2 giant cockroaches
  9 goblins
  11 hobgoblins
  8 jackals
  A quokka (D:3)
  5 giant newts
  3 kobolds
  3 rats (D:1)
71 creatures vanquished.

Notes
Turn   | Place    | Note
--------------------------------------------------------------
     0 | D:1      | Gorice the Demonspawn Warper began the quest for the Orb.
     0 | D:1      | Reached XP level 1. HP: 16/16 MP: 3/3
    57 | D:1      | Reached skill level 2 in Long Blades
   210 | D:1      | Gained mutation: You are partially covered in yellow scales (AC +2). [demonic ancestry]
   210 | D:1      | Reached XP level 2. HP: 22/22 MP: 5/5
   354 | D:1      | Reached skill level 3 in Long Blades
   390 | D:1      | Gained mutation: You are slightly more attuned to the shadows. [demonic ancestry]
   390 | D:1      | Reached XP level 3. HP: 27/27 MP: 6/6
  1134 | D:2      | Reached XP level 4. HP: 33/33 MP: 7/7
  1187 | D:2      | Reached skill level 4 in Long Blades
  1234 | D:2      | Noticed Sigmund
  1918 | D:4      | Reached XP level 5. HP: 19/38 MP: 8/8
  1927 | D:4      | HP: 11/38 [ooze (2)]
  1930 | D:4      | HP: 5/38 [ooze (2)]
  1931 | D:4      | HP: 2/38 [ooze (2)]
  2029 | D:4      | Reached skill level 5 in Long Blades
  2273 | D:4      | Noticed Menkaure
  2278 | D:5      | Entered Level 5 of the Dungeon
  2283 | D:5      | HP: 10/38 [giant frog zombie (5)]
  2289 | D:5      | HP: 11/38 [giant frog zombie (2)]
  2294 | D:5      | HP: 7/38 [giant frog zombie (2)]
  2317 | D:5      | HP: 3/38 [worker ant (5)]
  2321 | D:5      | Slain by a worker ant

Vault maps used:
D:1:      dpeg_arrival_rooms_c, minmay_misc_feat_nine_boxes
D:2:      uniq_sigmund
D:3:      minivault_11, minmay_liquid_box, minmay_stone_trees_small
D:4:      first_bread, uniq_menkaure, uniq_eustachio
D:5:      minmay_temple_entry_statues_fountains, enter_ossuary_1,
          nicolae_tso_carved_into_rock, uniq_prince_ribbit1

Skill      XL: |  1  2  3  4  5 |
---------------+----------------+-----
Long Blades    | 2 3 4 5 |  5.5
Fighting       | |  2.0
Throwing       | |  0.8
Armour         | |  0.8
Dodging        | |  1.7
Spellcasting   | |  2.0
Translocations | |  2.6

Action                   |  1- 3 |  4- 6 || total
-------------------------+-------+-------++-------
Melee: Falchion          |   189 |   151 ||   340
 Fire: Hunting sling     |       |    23 ||    23
Evoke: Wand              |       |     1 ||     1
  Use: Scroll            |     2 |     4 ||     6
       Potion            |       |     3 ||     3
  Eat: Chunk             |     1 |     4 ||     5

Table legend:
 A = Turns spent in this place as a percentage of turns spent in the entire game.
 B = Non-inter-level travel turns spent in this place as a percentage of non-inter-level travel turns spent in the entire game.
 C = Inter-level travel turns spent in this place as a percentage of turns spent in this place.
 D = Turns resting spent in this place as a percentage of non-inter-level travel turns spent in this place.
 E = Turns spent auto-exploring this place as a percentage of non-inter-level travel turns spent in this place.
 F = Non-inter-level travel turns spent in this place divided by the number of levels of this place that you've seen.
                   A       B       C       D       E      F
               +-------+-------+-------+-------+-------+----------------------
         Total | 100.0 | 100.0 |   0.2 |   0.6 |   7.3 | 205.2
       Dungeon | 100.0 | 100.0 |   0.2 |   0.6 |   7.3 | 205.2
               +-------+-------+-------+-------+-------+----------------------

Vault maps used:
D:1:      dpeg_arrival_rooms_c, minmay_misc_feat_nine_boxes
D:2:      uniq_sigmund
D:3:      minivault_11, minmay_liquid_box, minmay_stone_trees_small
D:4:      first_bread, uniq_menkaure, uniq_eustachio
D:5:      minmay_temple_entry_statues_fountains, enter_ossuary_1,
          nicolae_tso_carved_into_rock, uniq_prince_ribbit1
